 Dungeon Crawl Stone Soup version 0.31-a0-325-g067879e3d3 (webtiles) character file.

Game seed: 16532022159863552827

466 LustLizard the Ruffian (level 7, -1/47 HPs)
             Began as an Octopode Shapeshifter on July 18, 2023.
             Slain by an ice beast (6 damage)
             ... on level 5 of the Dungeon.
             The game lasted 00:08:31 (4595 turns).

LustLizard the Ruffian (Octopode Shapeshifter)      Turns: 4595, Time: 00:08:31

Health: -1/47      AC:  1    Str: 16    XL:     7   Next: 8%
Magic:  6/7        EV: 13    Int: 11    God:
Gold:   47         SH:  0    Dex: 12    Spells: 5/6 levels left

rFire   . .          .
                       - Unarmed
rCold   . . .        (no shield)
rNeg    . . .        (helmet currently unavailable)
rPois   .            (no amulet)
rElec   .            (no ring)
rCorr   .            (no ring)
SInv    .            (no ring)
Will    .....        (no ring)
Stlth   ++           (no ring)
HPRegen 0.27/turn    (no ring)
MPRegen 0.10/turn    (no ring)
                     (no ring)

%: no passive effects
@: beast-form
A: beast (slay +2), almost no armour, amphibious, 8 rings, camouflage 1,
gelatinous body 1, (nimble swimmer 1), tentacles
a: Begin Untransformation


You were on level 5 of the Dungeon.
You were a hulking beast.
You visited 1 branch of the dungeon, and saw 5 of its levels.

You collected 185 gold pieces.
You spent 138 gold pieces at shops.

Inventory:

Talismans
 b - a beast talisman
Wands
 l - a wand of acid (5)
Scrolls
 c - a scroll of identify
 d - a scroll of poison {unknown}
 h - a scroll of enchant weapon {unknown}
 k - a scroll of silence {unknown}
 p - a scroll of vulnerability {unknown}
 q - a scroll of immolation {unknown}
 r - 4 scrolls of teleportation {unknown}
 s - 2 scrolls of torment {unknown}
 t - 2 scrolls of amnesia {unknown}
 v - a scroll of acquirement {unknown}
 x - 2 scrolls of revelation {unknown}
Potions
 a - 2 potions of lignification
 e - a potion of mutation
 f - 2 potions of magic
 g - 3 potions of curing
 i - a potion of cancellation {unknown}
 j - a potion of enlightenment {unknown}
 m - a potion of ambrosia {unknown}
 n - a potion of heal wounds
 o - 2 potions of haste
 u - a potion of invisibility {unknown}
 w - a potion of degeneration {unknown}


   Skills:
 + Level 3.7 Fighting
 - Level 2.0 Dodging
 * Level 5.2 Unarmed Combat
 - Level 2.0 Earth Magic
 + Level 4.0 Shapeshifting


You had 5 spell levels left.
You knew the following spells:

 Your Spells              Type           Power      Damage    Failure   Level
a - Sandblast             Erth           8%         2d5       16%         1

Your spell library contained the following spells:

 Spells                   Type           Power      Damage    Failure   Level
 Passwall                 Tmut/Erth      1%         N/A       34%         2
 Stone Arrow              Conj/Erth      4%         3d7       56%         3
 Portal Projectile        Hex/Tloc       0%         N/A       71%         3
 Tukima's Dance           Hex            0%         N/A       71%         3
 Iskenderun's Mystic Bla  Conj/Tloc      0%         2d3       98%         4
 Manifold Assault         Tloc           0%         N/A       98%         4
 Dispersal                Tloc           0%         N/A       100%        6
 Disjunction              Tloc           0%         N/A       100%        8


Dungeon Overview and Level Annotations

Branches:
Dungeon (5/15)
 Temple: D:4-7

Altars:

Shops:
D:4 ::*?!

Annotations:
D:2 1 runed translucent door, Crazy Yiuf


Innate Abilities, Weirdness & Mutations

You are a hulking beast.
Your limbs bulge with bestial killing power. (Slay +2)
You cannot wear most types of armour.
You are amphibious.
You can wear up to eight rings at the same time.
Your skin changes colour to match your surroundings (Stealth+).
Your rubbery body absorbs attacks. (AC +1, EV +1)
((You are camouflaged when in or above water. (Stealth+)))
You have tentacles for arms and can constrict up to eight enemies at once.


Message History

An ice beast is nearby!
You see here 11 gold pieces.
You miscast Sandblast.
You are very lightly contaminated with residual magic.
Nothing appears to happen.
The blast of sand misses the ice beast.
The ice beast barely misses you.
You bludgeon the ice beast!
The ice beast is moderately wounded.
The ice beast barely misses you.
You tentacle-slap the ice beast.
The ice beast is heavily wounded.
The ice beast hits you. The ice beast freezes you.
You closely miss the ice beast.
The ice beast is heavily wounded.
The ice beast hits you. The ice beast freezes you!
You are too injured to fight recklessly!
You closely miss the ice beast.
The ice beast is heavily wounded.
The ice beast hits you. The ice beast freezes you!
You tentacle-slap the ice beast.
The ice beast is heavily wounded.
Your magical contamination has completely faded away.
You closely miss the ice beast.
The ice beast is heavily wounded.
The ice beast hits you. The ice beast freezes you!
* * * LOW HITPOINT WARNING * * *
You feel much better. The ice beast hits you. The ice beast freezes you!
You tentacle-slap the ice beast.
The ice beast is severely wounded.
The ice beast misses you.
You tentacle-slap the ice beast but do no damage.
The ice beast is severely wounded.
The ice beast hits you. The ice beast freezes you!
* * * LOW HITPOINT WARNING * * *
You tentacle-slap the ice beast.
The ice beast is almost dead.
The ice beast hits you.
* * * LOW HITPOINT WARNING * * *
The ice beast freezes you.
You die...

#.....#######
#.#..........
#.#.#.##..... #
#.#.##.#### # #......#
##. #.#.####
#.>.####### #.#.#
#.........###.#.####..
#.Yh$............#
#.####.###..####.# #
#.# #..# ... ...#
...##...# ..).......
#.#####...## #. #...#


You could see an ice beast.

Vanquished Creatures
  A scorpion (D:4)
  An orc priest (D:3)
  A jelly (D:5)
  A hound (D:4)
  Jessica (D:2)
  Natasha (thrice) (D:4)
  An iguana (D:4)
  3 adders
  4 gnolls (D:3)
  2 worms
  2 dart slugs
  8 orcs
  8 ball pythons
  4 endoplasms
  5 giant cockroaches
  11 goblins
  7 hobgoblins
  14 jackals
  10 kobolds
  4 quokkas
  7 bats
  8 frilled lizards
  6 rats
112 creatures vanquished.

Notes
Turn   | Place    | Note
-------+----------+-------------------------------------------
     0 | D:1      | LustLizard the Octopode Shapeshifter began the quest for
                  | the Orb.
     0 | D:1      | Reached XP level 1. HP: 14/14 MP: 1/1
   268 | D:1      | Reached XP level 2. HP: 16/19 MP: 2/2
   522 | D:1      | Reached XP level 3. HP: 25/25 MP: 3/3
  1143 | D:2      | Reached skill level 3 in Unarmed Combat
  1278 | D:2      | Noticed Jessica
  1289 | D:2      | Killed Jessica
  1290 | D:2      | Reached XP level 4. HP: 23/30 MP: 4/4
  1589 | D:2      | Learned a level 1 spell: Sandblast
  1756 | D:2      | Found a runed translucent door.
  1757 | D:2      | Noticed Crazy Yiuf
  2117 | D:3      | Reached XP level 5. HP: 33/36 MP: 5/5
  2142 | D:3      | Reached skill level 4 in Unarmed Combat
  2441 | D:3      | Reached skill level 1 in Earth Magic
  3162 | D:4      | Found Miemiov's Assorted Antiques.
  3162 | D:4      | Found Jongeet's Book Shop.
  3173 | D:4      | Reached XP level 6. HP: 38/42 MP: 3/6
  3211 | D:4      | Bought a scroll labelled KAUPHO NYGA for 23 gold pieces
  3211 | D:4      | Bought 3 scrolls labelled ZOTSUP ZAEBRUI for 69 gold pieces
  3211 | D:4      | Bought a scroll labelled DOUGHI FIROUHIF for 23 gold pieces
  3230 | D:4      | Noticed Natasha
  3238 | D:4      | Killed Natasha
  3364 | D:4      | Noticed Natasha
  3370 | D:4      | Killed Natasha
  3584 | D:4      | Bought a scroll labelled WOHOEHAD ORHI for 23 gold pieces
  3590 | D:4      | Noticed Natasha
  3974 | D:4      | Found Zegacs's Distillery.
  4018 | D:4      | Reached skill level 5 in Unarmed Combat
  4201 | D:4      | Found Ebythrieq's Magic Scroll Emporium.
  4244 | D:4      | Found Ohaa's Book Shoppe.
  4510 | D:4      | Killed Natasha
  4511 | D:4      | Reached XP level 7. HP: 47/47 MP: 7/7
  4524 | D:5      | Entered Level 5 of the Dungeon
  4595 | D:5      | Slain by an ice beast

Illustrated notes

Levels and vault maps discovered:
D:1:      spicycebolla_arrival_ecumenical, layout_basic
D:2:      layout_basic, uniq_crazy_yiuf_cottage, uniq_jessica
D:3:      layout_basic, st_stairs_13
D:4:      corexii_shack_village, layout_gridville, serial_shops, shop, shop,
          shop, shop, shop, uniq_natasha
D:5:      layout_loops_ring, mainiacjoe_overflow_tiny_flanked,
          minmay_temple_entry_trees, uniq_duvessa

Skill      XL: |  1  2  3  4  5  6 |
---------------+-------------------+-----
Unarmed Combat | 3 4 5 |  5.2
Fighting       | 3 |  3.7
Earth Magic    | 1 2 |  2.0
Shapeshifting  | 4 |  4.0
Dodging        | |  2.0

Action                     |  1- 3 |  4- 6 |  7- 9 || total
---------------------------+-------+-------+-------++-------
  Melee: Unarmed           |    57 |   114 |    10 ||   181
         Constrict         |    15 |    30 |       ||    45
         Tentacles         |    10 |    17 |     1 ||    28
         Punch             |     1 |     4 |       ||     5
   Cast: Sandblast         |       |    52 |     3 ||    55
    Use: Scroll            |       |     3 |     2 ||     5
         Potion            |       |       |     1 ||     1
   Stab: Sleeping          |     5 |     2 |       ||     7
 Armour: Skin              |       |     6 |       ||     6
  Dodge: Dodged            |    26 |    68 |     3 ||    97

Table legend: (Time is in decaauts)
 A = Elapsed time spent in this place.
 B = Non-inter-level travel time spent in this place.
 C = Inter-level travel time spent in this place.
 D = Time resting spent in this place.
 E = Time spent auto-exploring this place.
 F = Levels seen in this place.
 G = Mean time per level.
                   A        B        C        D        E       F      G
               +--------+--------+--------+--------+--------+-----+--------+
         Total |   4609 |   4306 |    303 |     28 |   3593 |   5 |  921.8 |
       Dungeon |   4609 |   4306 |    303 |     28 |   3593 |   5 |  921.8 |
               +--------+--------+--------+--------+--------+-----+--------+

Top non-repeatable levels by time:
     D:4: 1358 daAuts
     D:1: 1131 daAuts
     D:3: 1079 daAuts
     D:2: 969 daAuts
     D:5: 71 daAuts
